 Dungeon Crawl Stone Soup version 0.25.1-1-g288607f5aa (webtiles) character file.

Game seed: 6235216289485739055

321167 Jimbable the Peltast (level 21, 0/163 HPs)
             Began as a Merfolk Gladiator on July 20, 2020.
             Was the Champion of Okawaru.
             Blown up by an eye of devastation (16 damage)
             ... with a bolt of energy
             ... on level 3 of the Pits of Slime.
             The game lasted 02:45:13 (40221 turns).

Jimbable the Peltast (Merfolk Gladiator)           Turns: 40221, Time: 02:45:14

Health: 0/163      AC:  8    Str: 30    XL:     21   Next: 52%
Magic:  12/22      EV: 21    Int: 10    God:    Okawaru [******]
Gold:   3404       SH: 18    Dex: 23    Spells: 18/20 levels left

rFire    + . .     SeeInvis +   b - +8 autumn katana {vorpal, Clar}
rCold    + + +     Gourm    .   U - +0 kite shield of Aczymp {rElec rF+ MR+}
rNeg     . . .     Faith    .   i - +10 chain mail of Omaw {+Inv rC+++ Int-2 Stlth-}
rPois    +         Spirit   .   v - +1 hat
rElec    +         Reflect  .   F - +2 cloak {rCorr}
rCorr    +         Harm     .   k - +0 pair of gloves
MR       +++++     Clarity  +   W - +1 pair of boots of the Evening Star {rCorr Slay+2 Stlth-}
Stlth    ..........             y - amulet of regeneration
HPRegen  0.77/turn              C - +6 ring of strength
MPRegen  0.18/turn              n - ring of Raefat {rF- MR++ Int+4 Dex+6 SInv}

@: corroded, berserk cooldown, very slightly contaminated, hasted and slowed
A: change form in water, swift swim, stealthy swim, horns 1, iridescent scales
1, yellow scales 1, camouflage 1, deformed body, fire resistance 1, frail 1,
magic resistance 1, mutation resistance 1, poison resistance, strong 1
}: 2/15 runes: decaying, gossamer
a: Heroism, Finesse, Renounce Religion, Evoke Invisibility


You were on level 3 of the Pits of Slime.
You worshipped Okawaru.
Okawaru was exalted by your worship.
You were very hungry.

You visited 9 branches of the dungeon, and saw 41 of its levels.
You also visited: Bailey, Gauntlet, Ice Cave and Volcano.

You collected 4985 gold pieces.
You spent 1581 gold pieces at shops.

Inventory:

Hand Weapons
 b - the +8 autumn katana (weapon) {vorpal, Clar}
   (You found it on level 6 of the Dungeon)

   It inflicts extra damage upon your enemies.
   It protects you against confusion.
 V - the +10 trident of Starshine {vorpal, rElec}
   (You found it in a Gauntlet)

   It inflicts extra damage upon your enemies.
   It insulates you from electricity.
Armour
 i - the +10 chain mail of Omaw (worn) {+Inv rC+++ Int-2 Stlth-}
   (You found it on level 1 of the Spider Nest)

   It affects your intelligence (-2).
   It renders you almost immune to cold.
   It lets you turn invisible.
   It makes you less stealthy.
 k - a +0 pair of gloves (worn)
 v - a +1 hat (worn)
 F - a +2 cloak of preservation (worn)
 U - the +0 kite shield of Aczymp (worn) {rElec rF+ MR+}
   (You took it off a minotaur in a Gauntlet)

   It protects you from fire.
   It insulates you from electricity.
   It affects your resistance to hostile enchantments.
 W - the +1 pair of boots of the Evening Star (worn) {rCorr Slay+2 Stlth-}
   (You found it on level 5 of the Lair of Beasts)

   It affects your accuracy and damage with ranged weapons and melee attacks
   (+2).
   It provides partial protection from all sources of acid and corrosion.
   It makes you less stealthy.
Jewellery
 n - the ring of Raefat (right hand) {rF- MR++ Int+4 Dex+6 SInv}
   (You took it off a deep elf death mage on level 3 of the Elven Halls)

   [ring of dexterity]

   It affects your intelligence (+4).
   It affects your dexterity (+6).
   It makes you vulnerable to fire.
   It affects your resistance to hostile enchantments.
   It lets you see invisible.
 y - an amulet of regeneration (around neck)
 C - a +6 ring of strength (left hand)
Wands
 a - a wand of digging (2)
 j - a wand of acid (34)
 E - a wand of random effects (34)
 H - a wand of iceblast (39)
 J - a wand of flame (53)
 L - a wand of enslavement (15)
 P - a wand of clouds (4)
 Q - a wand of paralysis (17)
 X - a wand of polymorph (23)
 Z - a wand of disintegration (31)
Scrolls
 e - 3 scrolls of enchant weapon
 h - 22 scrolls of teleportation
 l - 5 scrolls of amnesia
 m - 5 scrolls of fog
 o - 11 scrolls of enchant armour
 p - 4 scrolls of magic mapping
 s - 2 scrolls of fear
 t - 10 scrolls of remove curse
 w - a scroll of blinking
 B - 10 scrolls of immolation
 G - 12 scrolls of identify
 M - 5 scrolls of silence
 R - 2 scrolls of summoning
Potions
 c - 3 potions of ambrosia
 d - a potion of magic
 g - 4 potions of heal wounds
 q - 7 potions of flight
 u - 4 potions of stabbing
 x - 4 potions of brilliance
 D - 3 potions of haste
 K - 5 potions of lignification
 N - 22 potions of curing
 T - 2 potions of resistance
 Y - a potion of cancellation {unknown}
Comestibles
 f - 59 rations


   Skills:
 + Level 19.7 Fighting
 * Level 18.3 Long Blades
 - Level 12.6 Polearms
 - Level 2.6 Throwing
 + Level 7.9 Armour
 * Level 15.2 Dodging
 + Level 4.5 Stealth
 + Level 20.5 Shields
 + Level 2.1 Invocations


You had 18 spell levels left.
You knew the following spells:

 Your Spells              Type           Power        Failure   Level  Hunger
a - Blink                 Tloc           N/A          94%         2    ###....

Your spell library contained the following spells:

 Spells                   Type           Power        Failure   Level  Hunger
 Animate Skeleton         Necr           N/A          85%         1    ##.....
 Apportation              Tloc           #.....       85%         1    ##.....
 Beastly Appendage        Tmut           #.....       85%         1    ##.....
 Corona                   Hex            #......      85%         1    ##.....
 Freeze                   Ice            #...         85%         1    ##.....
 Magic Dart               Conj           #...         85%         1    ##.....
 Pain                     Necr           #...         85%         1    ##.....
 Summon Butterflies       Summ           #.......     85%         1    ##.....
 Call Imp                 Summ           #.......     94%         2    ###....
 Corpse Rot               Necr/Air       N/A          94%         2    ###....
 Ensorcelled Hibernation  Hex/Ice        #.....       94%         2    ###....
 Poisonous Vapours        Pois/Air       #.....       94%         2    ###....
 Shroud of Golubria       Chrm/Tloc      #.....       94%         2    ###....
 Slow                     Hex            #.......     94%         2    ###....
 Song of Slaying          Chrm           #.......     94%         2    ###....
 Sticks to Snakes         Tmut           #.......     94%         2    ###....
 Sublimation of Blood     Necr           #.........   94%         2    ###....
 Confusing Touch          Hex            #.......     99%         3    ####...
 Conjure Flame            Conj/Fire      #.......     99%         3    ####...
 Frozen Ramparts          Ice            #.....       99%         3    ####...
 Gell's Gravitas          Tloc           #.........   99%         3    ####...
 Inner Flame              Hex/Fire       #.......     99%         3    ####...
 Lesser Beckoning         Tloc           #.........   99%         3    ####...
 Mephitic Cloud           Conj/Pois/Air  #.......     99%         3    ####...
 Ozocubu's Armour         Chrm/Ice       #.......     99%         3    ####...
 Portal Projectile        Hex/Tloc       #.....       99%         3    ####...
 Spider Form              Tmut/Pois      #.........   99%         3    ####...
 Static Discharge         Conj/Air       #.......     99%         3    ####...
 Stone Arrow              Conj/Erth      #.....       99%         3    ####...
 Teleport Other           Tloc           #.......     99%         3    ####...
 Tukima's Dance           Hex            #.......     99%         3    ####...
 Vampiric Draining        Necr           #.........   99%         3    ####...
 Animate Dead             Necr           N/A          100%        4    #####..
 Cause Fear               Hex            #.........   100%        4    #####..
 Dispel Undead            Necr           #.......     100%        4    #####..
 Fulminant Prism          Conj/Hex       #.........   100%        4    #####..
 Hailstorm                Conj/Ice       #.......     100%        4    #####..
 Ice Form                 Ice/Tmut       #.......     100%        4    #####..
 Iskenderun's Mystic Bla  Conj/Tloc      #.......     100%        4    #####..
 Leda's Liquefaction      Hex/Erth       #.........   100%        4    #####..
 Passage of Golubria      Tloc           N/A          100%        4    #####..
 Petrify                  Tmut/Erth      #.......     100%        4    #####..
 Summon Ice Beast         Ice/Summ       #.......     100%        4    #####..
 Agony                    Necr           #.......     100%        5    ######.
 Alistair's Intoxication  Tmut/Pois      #.......     100%        5    ######.
 Blade Hands              Tmut           #.........   100%        5    ######.
 Borgnjor's Vile Clutch   Necr/Erth      #.........   100%        5    ######.
 Excruciating Wounds      Chrm/Necr      #.........   100%        5    ######.
 Lightning Bolt           Conj/Air       #.........   100%        5    ######.
 Metabolic Englaciation   Hex/Ice        #.........   100%        5    ######.
 Silence                  Hex/Air        #.........   100%        5    ######.
 Summon Forest            Summ/Tloc      #.........   100%        5    ######.
 Yara's Violent Unravell  Hex/Tmut       #.........   100%        5    ######.
 Darkness                 Hex            #.........   100%        6    #######
 Dispersal                Tloc           #.........   100%        6    #######
 Eringya's Noxious Bog    Tmut/Pois      #.........   100%        6    #######
 Freezing Cloud           Conj/Ice/Air   #.........   100%        6    #######
 Hydra Form               Tmut           #.........   100%        6    #######
 Invisibility             Hex            #.......     100%        6    #######
 Shadow Creatures         Summ           N/A          100%        6    #######
 Ring of Flames           Chrm/Fire      #.........   100%        7    #######
 Summon Hydra             Summ           #.........   100%        7    #######
 Chain Lightning          Conj/Air       #.........   100%        8    #######
 Controlled Blink         Tloc           N/A          100%        8    #######
 Discord                  Hex            #.........   100%        8    #######
 Disjunction              Tloc           #.........   100%        8    #######
 Ignition                 Fire           #.........   100%        8    #######
 Lehudib's Crystal Spear  Conj/Erth      #.........   100%        8    #######
 Absolute Zero            Ice            #.........   100%        9    #######
 Fire Storm               Conj/Fire      #.........   100%        9    #######
 Shatter                  Erth           #.........   100%        9    #######
 Tornado                  Air            #.........   100%        9    #######


Dungeon Overview and Level Annotations

Branches:
Dungeon (15/15)            Temple (1/1) D:7            Lair (6/6) D:11
  Swamp (4/4) Lair:4       Spider (4/4) Lair:3        Slime (5/5) Lair:5
    Orc (2/2) D:11            Elf (3/3) Orc:2        Vaults (1/5) D:13
 Depths (0/5) D:15         Bailey (visited)           IceCv (visited)
Volcano (visited)         Gauntlet (visited)

Altars:
Ashenzari
Cheibriados
Dithmenos
Elyvilon
Fedhas
Gozag
Hepliaklqana
Kikubaaqudgha
Makhleb
Nemelex Xobeh
Okawaru
Qazlal
Ru
Sif Muna
Trog
Uskayaw
Vehumet
Wu Jian
Xom
Yredelemnul
Zin
The Shining One
Beogh

Shops:
D:13 %   D:15 =   Orc:2 *:%*!(*   Elf:1 }   Elf:3 %[


Innate Abilities, Weirdness & Mutations

You revert to your normal form in water.
You are very nimble and swift while swimming.
You are very stealthy in the water. (Stealth+)
You have a pair of small horns on your head.
You are partially covered in iridescent scales. (AC +2)
You are partially covered in yellow scales. (AC +2)
Your skin changes colour to match your surroundings (Stealth+).
Armour fits poorly on your strangely shaped body.
Your flesh is heat resistant. (rF+)
You are frail. (-10% HP)
You are resistant to hostile enchantments. (MR+)
You are somewhat resistant to further mutation.
Your system is resistant to poisons. (rPois)
Your muscles are strong. (Str +2)


Message History

The acid blob spits acid at you. You block the splash of acid.
The azure jelly misses you.
You riposte.
You carve the azure jelly like a ham!!!
You headbutt the azure jelly, but do no damage.
The azure jelly is almost dead.
You block the azure jelly's attack. The azure jelly misses you. x2
A shining eye comes into view.
The shining eye turns its gaze towards you.
Blink to where?
Press: ? - help, Dir - move target cursor
As you read the scroll of blinking, it crumbles to dust.
You climb upwards.
The slime creature quivers. x3 3 slime creatures and an eye of devastation come into view.
The slime creature hits you!
* * * LOW HITPOINT WARNING * * *
You block the slime creature's attack. The eye of devastation gazes at you.
The bolt of energy hits you!
You die...

# ## #..#.. #
##.# .....#. #
#...#...G..# #
##.........## #
#.........#..
#............
#...JJ......#
#....@......#
......J......##
#.#........#..#
#........... .
##........#..#
##.....JJJ ##
.....#...#
##....##.##


You could see 6 slime creatures and an eye of devastation.

Vanquished Creatures
  the Royal Jelly (Slime:5)
  the Lernaean hydra (Swamp:4)
  Jorgrun (Elf:2)
  Rupert (D:15)
  A deep elf master archer (Elf:3)
  3 deep elf blademasters
  14 acid blobs
  An azure jelly (shapeshifter) (D:15)
  9 azure jellies
  Aizul (Swamp:2)
  8 emperor scorpions
  4 ghost moths
  6 deep elf sorcerers (Elf:3)
  A ghost moth (shapeshifter) (Elf:2)
  3 deep elf elementalists (Elf:3)
  2 orc warlords
  A very ugly thing (Swamp:1)
  3 entropy weavers
  3 deep elf demonologists (Elf:3)
  7 deep elf annihilators
  A minotaur (Gauntlet)
  A spark wasp (Spider:4)
  Snorg (Lair:4)
  The ghost of Richi the Severer, a journeyman HOFi of Beogh (D:11)
  A fire dragon (Lair:6)
  4 deep elf death magi (Elf:3)
  Josephine (Spider:1)
  The ghost of qipq the Ogre Mage, a journeyman OgFE of Sif Muna (D:11)
  5 great orbs of eyes
  A death ooze (Slime:5)
  5 deep elf high priests
  A rakshasa (D:15)
  14 hydras
  Harold (D:9)
  4 centaur warriors
  A ghost crab (Swamp:3)
  6 shambling mangroves
  A death knight (D:14)
  10 two-headed ogres
  18 alligators
  20 dancing weapons
  An ogre mage (D:13)
  2 orc high priests (Elf:1)
  A tengu warrior (D:13)
  Urug (Orc:1)
  9 death yaks
  10 skeletal warriors
  Sonja (D:10)
  Nergalle (Lair:3)
  16 deep elf knights
  A fire crab (Volcano)
  A spriggan druid (Swamp:4)
  9 deep elf archers
  A glowing orange brain (Slime:5)
  9 swamp dragons
  3 phantasmal warriors (D:14)
  10 orc knights
  A wizard (D:13)
  Pikel (D:6)
  4 lindwurms
  4 cyclopes
  24 wolf spiders
  69 deep elf magi
  A necromancer (D:13)
  16 orb spiders
  7 oklob plants (Lair:5)
  An orc sorcerer (Orc:1)
  11 ugly things
  6 shining eyes
  5 moths of wrath
  A salamander (shapeshifter) (D:15)
  2 ice statues (IceCv)
  12 elephants
  An eye of devastation (Slime:3)
  8 black mambas
  22 spiny frogs
  A centaur zombie (D:13)
  5 torpor snails (Lair:6)
  A gargoyle (D:13)
  2 molten gargoyles (Volcano)
  3 rime drakes
  6 komodo dragons
  2 efreet
  11 demonic crawlers
  11 polar bears
  41 jumping spiders
  A hornet (shapeshifter) (Elf:2)
  30 hornets
  13 trolls
  14 tyrant leeches
  Grinder (D:6)
  6 bog bodies
  43 slime creatures
  19 blink frogs
  A raiju (Lair:6)
  16 hippogriffs
  4 dream sheep (Lair:5)
  3 flying skulls (Gauntlet)
  7 water elementals
  15 spriggans
  3 shadows
  5 wraiths
  Sigmund (D:2)
  2 air elementals
  83 redbacks
  25 tarantellas
  3 fire elementals
  43 yaks
  A human (shapeshifter) (D:15)
  11 fire bats (Volcano)
  6 basilisks
  5 wyverns
  9 golden eyes
  Grum (D:9)
  A hungry ghost (D:8)
  Menkaure (D:4)
  Eustachio (D:5)
  6 vampire mosquitoes
  15 wargs
  6 insubstantial wisps (Swamp:2)
  16 swamp worms
  2 acid dragons
  A soldier ant (D:13)
  8 water moccasins
  8 porcupines
  Duvessa (D:6)
  16 swamp drakes
  18 hell hounds
  18 ice beasts
  A slave (D:6)
  2 eyes of draining
  66 orc warriors
  3 sky beasts
  16 black bears
  A necrophage (D:9)
  3 phantoms
  20 wolves
  21 centaurs
  18 ogres
  7 boggarts
  8 crocodiles
  8 big kobolds
  Blork the orc (D:3)
  16 bullfrogs
  2 earth elementals (Elf:2)
  5 gnoll sergeants
  Dowan (D:6)
  A scorpion (D:11)
  38 wights
  2 jellies
  A howler monkey (D:6)
  2 electric eels
  5 crimson imps
  3 bullfrog zombies
  6 lava snakes (Volcano)
  A quasit (D:7)
  21 orc priests
  A hound (shapeshifter) (Elf:2)
  5 hounds
  Crazy Yiuf (D:6)
  5 centaur skeletons
  2 bullfrog skeletons
  5 iguanas
  25 orc wizards
  9 worker ants
  2 howler monkey zombies
  Robin (D:1)
  A worker ant zombie (D:8)
  10 gnolls
  18 adders
  5 shadow imps
  3 oozes
  An adder zombie (D:5)
  2 worms (D:2)
  3 dart slugs
  6 leopard geckos
  114 orcs
  2 ball pythons
  7 bats
  7 giant cockroaches
  10 goblins
  7 hobgoblins
  6 jackals
  4 quokkas
  4 frilled lizards
  33 kobolds
  A leopard gecko skeleton (D:4)
  A quokka skeleton (D:7)
  8 rats
  2 plants
1603 creatures vanquished.

Vanquished Creatures (others)
  2 dancing weapons
  An ugly thing (IceCv)
  A boggart (D:15)
  A hound zombie (D:6)
  An orc (Orc:1)
  32 fungi
  20 plants
58 creatures vanquished.

Grand Total: 1661 creatures vanquished

Notes
Turn   | Place    | Note
-------+----------+-------------------------------------------
     0 | D:1      | Jimbable the Merfolk Gladiator began the quest for the Orb.
     0 | D:1      | Reached XP level 1. HP: 16/16 MP: 1/1
   132 | D:1      | Reached XP level 2. HP: 18/22 MP: 2/2
   384 | D:1      | Reached skill level 5 in Polearms
   384 | D:1      | Reached XP level 3. HP: 27/27 MP: 3/3
   491 | D:1      | Reached skill level 5 in Dodging
  1143 | D:2      | Reached XP level 4. HP: 34/34 MP: 4/4
  1170 | D:2      | Noticed Sigmund
  1201 | D:2      | Killed Sigmund
  1201 | D:2      | Reached skill level 1 in Armour
  1201 | D:2      | Reached skill level 1 in Stealth
  1201 | D:2      | Reached XP level 5. HP: 25/41 MP: 5/5
  1394 | D:2      | Reached XP level 6. HP: 47/47 MP: 6/6
  1441 | D:2      | Noticed Robin
  1465 | D:1      | Killed Robin
  2276 | D:3      | Found a radiant altar of Vehumet.
  2276 | D:3      | Found a burning altar of Makhleb.
  3216 | D:4      | Reached XP level 7. HP: 52/52 MP: 7/7
  3270 | D:4      | Noticed Menkaure
  3270 | D:4      | Noticed Blork the orc
  3853 | D:3      | Killed Blork the orc
  4002 | D:4      | Killed Menkaure
  4002 | D:4      | Reached XP level 8. HP: 33/61 MP: 8/8
  4289 | D:4      | Found a sparkling altar of Nemelex Xobeh.
  4390 | D:4      | Found a hazy altar of Hepliaklqana.
  4490 | D:5      | Entered Level 5 of the Dungeon
  4667 | D:5      | Found an iron altar of Okawaru.
  4679 | D:5      | Reached skill level 10 in Polearms
  4687 | D:5      | Became a worshipper of Warmaster Okawaru
  4794 | D:5      | Noticed Eustachio
  4992 | D:5      | Found a sacrificial altar of Ru.
  5022 | D:5      | Killed Eustachio
  5022 | D:5      | Reached skill level 5 in Fighting
  5222 | D:6      | Noticed Duvessa
  5224 | D:6      | Noticed Dowan
  5231 | D:6      | Killed Duvessa
  5241 | D:6      | Killed Dowan
  5465 | D:6      | Noticed Pikel
  5489 | D:6      | Killed Pikel
  5489 | D:6      | Reached * piety under Okawaru
  5489 | D:6      | Reached ** piety under Okawaru
  5489 | D:6      | Reached XP level 9. HP: 43/68 MP: 9/9
  5550 | D:6      | Noticed Grinder
  5559 | D:6      | Killed Grinder
  5834 | D:6      | Found the +8 autumn katana {vorpal, Clar}
  5941 | D:6      | Reached skill level 1 in Long Blades
  5960 | D:6      | Found a runed translucent door.
  5961 | D:6      | Noticed Crazy Yiuf
  6447 | D:6      | Killed Crazy Yiuf
  6495 | D:7      | Found an opulent altar of Gozag.
  6532 | D:7      | Reached *** piety under Okawaru
  6689 | D:6      | Reached XP level 10. HP: 70/77 MP: 10/10
  6882 | D:7      | Found a staircase to the Ecumenical Temple.
  6971 | D:7      | Found a glowing golden altar of the Shining One.
  6998 | D:7      | Reached skill level 5 in Long Blades
  7071 | D:8      | Found a white marble altar of Elyvilon.
  7318 | D:8      | Found a snail-covered altar of Cheibriados.
  7423 | D:8      | Found an ancient bone altar of Kikubaaqudgha.
  7698 | D:8      | Reached **** piety under Okawaru
  7698 | D:8      | Received a gift from Okawaru
  7784 | D:9      | Noticed Harold
  7860 | D:9      | Killed Harold
  8017 | D:9      | Received a gift from Okawaru
  8017 | D:9      | Reached XP level 11. HP: 64/84 MP: 11/11
  8106 | D:9      | Noticed Grum
  8106 | D:9      | Noticed a two-headed ogre
  8116 | D:8      | Killed a two-headed ogre
  8116 | D:8      | Reached skill level 10 in Long Blades
  8392 | D:9      | Reached ***** piety under Okawaru
  8726 | D:9      | Found an ornate altar of the Wu Jian Council.
  8763 | D:9      | Noticed a two-headed ogre
  8768 | D:9      | Killed a two-headed ogre
  8942 | D:9      | Killed Grum
  9077 | D:10     | Entered Level 10 of the Dungeon
  9106 | D:10     | Noticed Sonja
  9385 | D:10     | Killed Sonja
  9773 | D:10     | Found a shadowy altar of Dithmenos.
  9789 | D:10     | Noticed a red ugly thing
  9797 | D:10     | Killed a red ugly thing
  9797 | D:10     | Received a gift from Okawaru
  9798 | D:10     | Got a dazzling glaive {god gift}
  9805 | D:10     | Identified the +1 glaive of the Apocalypse {drain, rPois
                  | rF+ Dex+3} (Okawaru gifted it to you on level 10 of the
                  | Dungeon)
 10059 | D:11     | Found a gate leading to a gauntlet.
 10066 | Gauntlet | Entered a Gauntlet
 10066 | Gauntlet | Found a transporter.
 10066 | Gauntlet | Found a transporter.
 10066 | Gauntlet | Noticed a moth of wrath
 10078 | Gauntlet | Found a transporter.
 10082 | Gauntlet | Found a transporter.
 10090 | Gauntlet | Found a transporter.
 10094 | Gauntlet | Found a transporter.
 10098 | Gauntlet | Found a runed translucent door.
 10098 | Gauntlet | Found a runed translucent door.
 10102 | Gauntlet | Found a transporter.
 10102 | Gauntlet | Noticed a hell beast
 10122 | Gauntlet | Found a transporter.
 10143 | Gauntlet | Found a transporter.
 10144 | Gauntlet | Found a transporter.
 10152 | Gauntlet | Found a transporter.
 10156 | Gauntlet | Found a transporter.
 10157 | Gauntlet | Noticed a catoblepas
 10219 | Gauntlet | Gained mutation: Your spells are a little easier to cast,
                  | but a little less powerful. [potion of mutation]
 10219 | Gauntlet | Gained mutation: Your skin changes colour to match your
                  | surroundings (Stealth+). [potion of mutation]
 10219 | Gauntlet | Gained mutation: You have a pair of small horns on your
                  | head. [potion of mutation]
 10219 | Gauntlet | Gained mutation: Your system is resistant to poisons.
                  | (rPois) [potion of mutation]
 10220 | Gauntlet | Lost mutation: Your spells are a little easier to cast, but
                  | a little less powerful. [potion of mutation]
 10220 | Gauntlet | Lost mutation: You have a pair of small horns on your head.
                  | [potion of mutation]
 10220 | Gauntlet | Gained mutation: Your flesh is heat resistant. (rF+)
                  | [potion of mutation]
 10220 | Gauntlet | Gained mutation: Your muscles are strong. (Str +2) [potion
                  | of mutation]
 10220 | Gauntlet | Gained mutation: You are partially covered in yellow
                  | scales. (AC +2) [potion of mutation]
 10220 | Gauntlet | Gained mutation: You evolve. [potion of mutation]
 10234 | Gauntlet | Reached XP level 12. HP: 95/95 MP: 12/12
 10321 | Gauntlet | Reached skill level 5 in Armour
 10364 | Gauntlet | Got a coiled brass ring
 10378 | Gauntlet | Identified the ring of Ruan {*Tele rF- rC+ Int+4 SInv} (You
                  | found it in a Gauntlet)
 10413 | Gauntlet | Identified the cursed +0 short sword "Pieluf" {elec, rC-
                  | Str+6}
 10413 | Gauntlet | Identified the +0 kite shield of Aczymp {rElec rF+ MR+}
 10413 | Gauntlet | Noticed a minotaur
 10422 | Gauntlet | Killed a minotaur
 10422 | Gauntlet | Reached skill level 10 in Fighting
 10424 | Gauntlet | Found the +4 robe of Augmentation {Str+4 Int+4 Dex+4}
 10441 | Gauntlet | Got a faintly glowing trident
 10442 | Gauntlet | Identified the +10 trident of Starshine {vorpal, rElec}
                  | (You found it in a Gauntlet)
 10460 | Gauntlet | Identified the Catalogue of Displacement
 10515 | Gauntlet | Got a silken robe
 10526 | Gauntlet | Identified the +4 robe of Least Resistance {MR+} (You found
                  | it in a Gauntlet)
 10721 | D:11     | Received a gift from Okawaru
 10738 | D:11     | Reached skill level 1 in Shields
 10762 | D:11     | Reached skill level 2 in Shields
 10850 | D:11     | Found a staircase to the Lair.
 11276 | D:11     | Noticed a two-headed ogre
 11286 | D:11     | Killed a two-headed ogre
 11286 | D:11     | Reached skill level 3 in Shields
 11322 | D:11     | Reached ****** piety under Okawaru
 11438 | D:11     | Found a staircase to the Orcish Mines.
 11476 | D:11     | Reached skill level 4 in Shields
 11611 | D:11     | Found a runed translucent gate.
 11611 | D:11     | Found a runed translucent gate.
 11611 | D:11     | Found a runed translucent gate.
 11614 | D:11     | Noticed Richi's ghost (journeyman HOFi)
 11614 | D:11     | Noticed qipq's ghost (journeyman OgFE)
 11793 | Lair:1   | Entered Level 1 of the Lair of Beasts
 11983 | Lair:1   | Reached skill level 5 in Shields
 12633 | Lair:2   | Reached XP level 13. HP: 100/108 MP: 13/13
 12703 | Lair:2   | Reached skill level 6 in Shields
 12883 | Lair:2   | Received a gift from Okawaru
 12886 | Lair:2   | Reached skill level 7 in Shields
 13670 | Lair:3   | Noticed Nergalle
 13697 | Lair:3   | Killed Nergalle
 13697 | Lair:3   | Reached skill level 8 in Shields
 13976 | Lair:3   | Found a hole to the Spider Nest.
 14745 | Lair:4   | Reached skill level 9 in Shields
 14768 | Lair:4   | Gained mutation: You are resistant to hostile enchantments.
                  | (MR+) [evolution]
 15178 | Lair:4   | Reached skill level 10 in Shields
 15270 | Lair:4   | Found a sparkling altar of Nemelex Xobeh.
 15343 | Lair:4   | Noticed Snorg
 15357 | Lair:4   | Killed Snorg
 15503 | Lair:4   | Found a staircase to the Swamp.
 15540 | Lair:4   | Gained mutation: You are partially covered in iridescent
                  | scales. (AC +2) [evolution]
 15577 | Lair:4   | Received a gift from Okawaru
 15686 | Lair:4   | Reached XP level 14. HP: 76/119 MP: 14/14
 16079 | Lair:5   | Found a staircase to the Slime Pits.
 16095 | Lair:5   | Reached skill level 11 in Shields
 16155 | Lair:5   | Got a pair of dazzling boots
 16177 | Lair:5   | Identified the +1 pair of boots of the Evening Star {rCorr
                  | Slay+2 Stlth-} (You found it on level 5 of the Lair of
                  | Beasts)
 16551 | Lair:5   | Reached skill level 12 in Shields
 16716 | Lair:5   | Received a gift from Okawaru
 17048 | Lair:6   | Entered Level 6 of the Lair of Beasts
 17056 | Lair:6   | Found a frozen archway.
 17088 | IceCv    | Entered an ice cave
 17215 | IceCv    | Found a transporter.
 17237 | IceCv    | Found a transporter.
 17247 | IceCv    | Received a gift from Okawaru
 17473 | Lair:6   | Reached skill level 15 in Fighting
 17667 | Lair:6   | Found a runed translucent door.
 17672 | Lair:6   | Reached skill level 13 in Shields
 17797 | Lair:6   | Reached XP level 15. HP: 129/129 MP: 15/15
 18082 | Lair:6   | Learned a level 2 spell: Blink
 18185 | Lair:6   | Received a gift from Okawaru
 18206 | Lair:6   | Got a heavy robe {god gift}
 18217 | Lair:6   | Identified the +1 robe of Soicehoa {MR+ Slay+3} (Okawaru
                  | gifted it to you on level 6 of the Lair of Beasts)
 18470 | Lair:6   | Reached skill level 14 in Shields
 19031 | Spider:1 | Entered Level 1 of the Spider Nest
 19432 | Spider:1 | Got a pitted chain mail
 19433 | Spider:1 | Identified the +10 chain mail of Omaw {+Inv rC+++ Int-2
                  | Stlth-} (You found it on level 1 of the Spider Nest)
 19561 | Spider:1 | Noticed Josephine
 19565 | Spider:1 | Received a gift from Okawaru
 19569 | Spider:1 | Reached skill level 15 in Shields
 19573 | Spider:1 | Killed Josephine
 20059 | Spider:2 | Reached XP level 16. HP: 54/139 MP: 13/16
 20063 | Spider:2 | Received a gift from Okawaru
 20567 | Spider:2 | Reached skill level 16 in Shields
 21522 | Spider:3 | Gained mutation: You have a pair of small horns on your
                  | head. [evolution]
 21522 | Spider:3 | Lost mutation: You evolve. [end of evolution]
 21771 | Spider:4 | Entered Level 4 of the Spider Nest
 22420 | Spider:4 | Reached skill level 17 in Shields
 22455 | Spider:4 | Received a gift from Okawaru
 22686 | Spider:4 | Received a gift from Okawaru
 22942 | Spider:4 | Reached XP level 17. HP: 133/147 MP: 17/17
 23385 | Spider:4 | Reached skill level 10 in Dodging
 23570 | Spider:4 | Got a gossamer rune of Zot
 23615 | Spider:4 | Received a gift from Okawaru
 23803 | Swamp:1  | Entered Level 1 of the Swamp
 24642 | Temple   | Entered the Ecumenical Temple
 25227 | Swamp:2  | Noticed Aizul
 25251 | Swamp:2  | Killed Aizul
 25251 | Swamp:2  | Received a gift from Okawaru
 25354 | Swamp:2  | Got a smoking plate armour
 25365 | Swamp:2  | Identified the +1 plate armour the Tentacled Hare {rPois
                  | rC+++ Dex-5 Stlth+} (You found it on level 2 of the Swamp)
 25798 | Swamp:2  | You fall into a shaft and drop 1 floor!
 25864 | Swamp:3  | Got an encrusted flail
 25865 | Swamp:3  | Identified the +10 flail of Ziupuos {freeze, *Drain +Fly
                  | Dex+9} (You found it on level 3 of the Swamp)
 25905 | Swamp:3  | Got an ancient broad axe
 25906 | Swamp:3  | Identified the +4 broad axe of Ragnarok {freeze, MR- Int+3
                  | Stlth+} (You found it on level 3 of the Swamp)
 25994 | Swamp:3  | Reached skill level 18 in Shields
 26540 | Swamp:4  | Entered Level 4 of the Swamp
 26696 | Swamp:4  | Noticed the 27-headed Lernaean hydra
 26811 | Swamp:4  | Reached XP level 18. HP: 127/156 MP: 18/18
 27151 | Swamp:4  | Received a gift from Okawaru
 27614 | Swamp:4  | Got a decaying rune of Zot
 27725 | Swamp:4  | Killed the 27-headed Lernaean hydra
 28186 | D:11     | Killed qipq's ghost
 28191 | D:11     | Killed Richi's ghost
 28320 | Orc:1    | Entered Level 1 of the Orcish Mines
 28323 | Orc:1    | Found a flagged portal.
 28332 | Bailey   | Entered a bailey
 28583 | Orc:1    | Noticed Urug
 28600 | Orc:1    | Killed Urug
 28656 | Orc:1    | Found a dark tunnel.
 28664 | Volcano  | Entered a volcano
 28810 | Volcano  | Found a radiant altar of Vehumet.
 29112 | Orc:2    | Entered Level 2 of the Orcish Mines
 29130 | Orc:2    | Found Nururecw's Assorted Antiques.
 29170 | Orc:2    | Received a gift from Okawaru
 29268 | Orc:2    | Bought 2 potions of curing for 204 gold pieces
 29268 | Orc:2    | Bought a scroll of fog for 68 gold pieces
 29268 | Orc:2    | Bought a scroll of magic mapping for 119 gold pieces
 29268 | Orc:2    | Bought a potion of curing for 102 gold pieces
 29268 | Orc:2    | Bought 2 potions of curing for 204 gold pieces
 29320 | Orc:2    | Found Oleum's Book Emporium.
 29386 | Orc:2    | Reached skill level 19 in Shields
 29517 | Orc:2    | Found Deur's Weapon Boutique.
 29518 | Orc:2    | Found Titaih's Assorted Antiques.
 29518 | Orc:2    | Found Num Duuts's Distillery.
 29521 | Orc:2    | Found Irenifol's Food Shoppe.
 29526 | Orc:2    | Bought a potion of ambrosia for 136 gold pieces
 29526 | Orc:2    | Bought a potion of curing for 51 gold pieces
 29526 | Orc:2    | Bought 2 potions of curing for 102 gold pieces
 29526 | Orc:2    | Bought a potion of curing for 51 gold pieces
 29526 | Orc:2    | Bought a potion of heal wounds for 85 gold pieces
 29823 | Orc:2    | Found Dirisch's Assorted Antiques.
 29833 | Orc:2    | Found a staircase to the Elven Halls.
 29867 | Orc:2    | Bought a transparent great sword for 391 gold pieces
 29867 | Orc:2    | Bought a scroll of identify for 68 gold pieces
 29874 | Orc:2    | Identified the cursed +1 great sword of Cathrit {drain,
                  | Dex+3} (You bought it in a shop on level 2 of the Orcish
                  | Mines)
 30044 | Orc:1    | Received a gift from Okawaru
 31138 | D:13     | Reached skill level 1 in Invocations
 31424 | D:13     | Found Izoidgh Goragh's Food Emporium.
 31527 | D:13     | Found a gate to the Vaults.
 31530 | D:13     | Received a gift from Okawaru
 31530 | D:13     | Reached XP level 19. HP: 163/163 MP: 19/19
 32494 | D:14     | Reached skill level 15 in Long Blades
 32609 | D:14     | Found an ancient bone altar of Kikubaaqudgha.
 33026 | D:15     | Entered Level 15 of the Dungeon
 33200 | D:15     | Found Mecezor's Jewellery Boutique.
 33279 | D:15     | Received a gift from Okawaru
 33282 | D:15     | Got a translucent longbow {god gift}
 33565 | D:15     | Noticed Rupert
 33573 | D:15     | Killed Rupert
 33751 | D:15     | Found a staircase to the Depths.
 34011 | Elf:1    | Entered Level 1 of the Elven Halls
 34171 | Elf:1    | Found Otwyq's Gadget Boutique.
 34303 | Elf:1    | Received a gift from Okawaru
 34445 | Elf:1    | Found a roughly hewn altar of Beogh.
 35552 | Elf:2    | Identified the +6 longbow "Globulus" {vorpal, rC++ Dex+4}
                  | (Okawaru gifted it to you on level 15 of the Dungeon)
 35609 | Elf:2    | Found a runed translucent gate.
 35609 | Elf:2    | Found a runed translucent gate.
 35610 | Elf:2    | Found a runed translucent gate.
 36420 | Elf:2    | Noticed Jorgrun
 36435 | Elf:2    | Killed Jorgrun
 36435 | Elf:2    | Reached XP level 20. HP: 113/172 MP: 20/20
 36441 | Elf:2    | Reached skill level 20 in Shields
 36710 | Elf:2    | Received a gift from Okawaru
 37022 | Elf:3    | Entered Level 3 of the Elven Halls
 37475 | Elf:3    | Received a gift from Okawaru
 37560 | Elf:3    | Found Jusap's Antique Armour Shop.
 37565 | Elf:3    | Found Wela Pou's Food Shop.
 38220 | Elf:3    | Received a gift from Okawaru
 38223 | Elf:3    | Got a translucent demon blade {god gift}
 38224 | Elf:3    | Identified the +5 demon blade "Moddetauxt" {venom, rElec}
                  | (Okawaru gifted it to you on level 3 of the Elven Halls)
 38397 | Elf:3    | Identified the ring of Raefat {rF- MR++ Int+4 Dex+6 SInv}
 38403 | Elf:3    | Identified the +7 spear "ETAOIN SHRDLU" {venom, rC+ Str+3}
 38662 | Elf:3    | Identified Diysch's Incunabulum of Enhancements and Arcane
                  | Weapons
 39254 | Vaults:1 | Entered Level 1 of the Vaults
 39474 | Slime:1  | Entered Level 1 of the Pits of Slime
 39617 | Slime:1  | Received a gift from Okawaru
 39617 | Slime:1  | Reached XP level 21. HP: 121/180 MP: 22/22
 39846 | Slime:2  | Gained mutation: Armour fits poorly on your strangely
                  | shaped body. [a shining eye]
 39850 | Slime:2  | Gained mutation: You are somewhat resistant to further
                  | mutation. [a shining eye]
 40046 | Slime:5  | Entered Level 5 of the Pits of Slime
 40098 | Slime:5  | Received a gift from Okawaru
 40098 | Slime:5  | Reached skill level 15 in Dodging
 40148 | Slime:5  | Gained mutation: You are frail. (-10% HP) [a shining eye]
 40153 | Slime:5  | Noticed the Royal Jelly
 40174 | Slime:5  | Killed the Royal Jelly
 40217 | Slime:4  | HP: 7/163 [acid (7)]
 40221 | Slime:3  | Blown up by an eye of devastation

Illustrated notes

Levels and vault maps discovered:
D:1:      saegor_arrival_simple_c, layout_basic, hangedman_decor_riveting
D:2:      layout_basic, first_ration, minmay_distorted, uniq_robin, uniq_sigmund
D:3:      layout_basic, grunt_temple_overflow_lords_of_destruction
D:4:      layout_rooms, lemuel_coloured_pillars_altar, old_standard_altar,
          uniq_blork_the_orc, uniq_menkaure
D:5:      layout_cave_pools, nicolae_overflow_hidden_temple,
          nicolae_overflow_crystal_walls, uniq_eustachio
D:6:      layout_basic, uniq_pikel, uniq_grinder, uniq_crazy_yiuf_cottage,
          uniq_duvessa
D:7:      layout_cave_pools, marbit_many_paths, lemuel_crystal_altar,
          minmay_temple_entry_hall, grunt_ministairs_2
D:8:      layout_loops_ring, lemuel_round_altar, kennysheep_little_box,
          kennysheep_mini, blue_anna_alchemist [blue_anna_fruit_fields,
          blue_anna_fruit_fields], kennysheep_cross_room
D:9:      layout_roguey, lemuel_doored_altar, fountainhead, uniq_harold,
          uniq_grum
D:10:     layout_big_octagon, basic_altar, uniq_sonja
D:11:     layout_stronghold, due_lair_maze_entry_diamond,
          kennysheep_orc_monster_closet_entryway, gammafunk_ghost_cemetery,
          gauntlet_entry_generic, minmay_fountain_box
D:12:     layout_loops_ring
D:13:     layout_basic, david_vaults_1, serial_shops, shop, minivault_5
D:14:     layout_basic, basic_altar, chequers_serial_rivers_micro_d,
          minmay_holes
D:15:     gammafunk_enter_depths_forms, layout_irregular_city,
          hangedman_abyss_or_decor_lesser_grid, serial_shops, shop_fountains,
          uniq_rupert
Temple:   eino_wide_crystal_templ
Lair:1:   layout_hall_layers
Lair:2:   layout_layer_cave
Lair:3:   layout_small_grid, nicolae_spider_entry_tight_spaces, uniq_nergalle
Lair:4:   kb_forest_paths, layout_big_grid, palyth_hydra_swamp_entry,
          basic_altar, uniq_snorg
Lair:5:   layout_regular_city, minmay_slime_entry_oklob_open,
          minmay_lair_oklob_chamber
Lair:6:   hangedman_lair_caniforms_friends, layout_loops_ring, wormcave,
          portal_ice_cave_entry_ice_beasts
Swamp:1:  layout_falls_marsh, nicolae_swamp_very_dense_foliage
Swamp:2:  layout_basic_swamp, evilmike_swamp_ruin_rubble_2, uniq_aizul,
          uniq_kirke
Swamp:3:  layout_basic_swamp, evilmike_swamp_ruin_house_2
Swamp:4:  swamp, layout_basic_swamp
Spider:1: layout_spider_delve, uniq_josephine
Spider:2: layout_spider_delve, nicolae_spider_circle_web
Spider:3: layout_spider_delve, nicolae_orb_stairs
Spider:4: spider_rune_water
Slime:1:  layout_caves
Slime:2:  layout_caves, uniq_dissolution
Slime:3:  cheibrodos_slime_lost_civilization_8, layout_caves, dissolution_awaits
Slime:4:  layout_caves
Slime:5
Orc:1:    layout_caves, enter_bailey_1, nicolae_volcano_entry_vermiform,
          uniq_urug
Orc:2:    st_orc_rangers, layout_caves, serial_shops, shop, shop,
          nicolae_shop_overgrown_old_shop, mines2_lemuel
Elf:1:    eino_elf_arrival_the_gate, layout_gridlike, serial_shops,
          nicolae_shop_trees, special_room [special_room_orc], evilmike_minifort
Elf:2:    layout_onion_city, nicolae_elf_glass_and_crystal_pillar_1,
          kennysheep_underground_church, uniq_jorgrun
Elf:3:    minmay_elf_hall_hex, layout_gridlike, minmay_misc_feat_cross,
          minmay_shop_star
Vaults:1: vaults_room_pool, ontoclasm_vaults_pinch, nicolae_vaults_big_ls,
          vaults_dpeg_spiral, vaults_dpeg_diagonal,
          nicolae_vaults_border_crossing, vaults_room_grid,
          dpeg_vaults_monster_row, v_misc_2, vaults_room_hallway, serial_ice_h,
          layout_vaults_big_room

Skill      XL: |  1  2  3  4  5  6  7  8  9 10 11 12 13 14 15 16 17 18 19 20 21 |
---------------+----------------------------------------------------------------+-----
Polearms       | 5 6 8 9 11 12 | 12.6
Dodging        | 5 6 7 8 9 11 12 13 14 15 | 15.2
Fighting       | 3 4 5 6 7 9 12 13 15 16 17 18 19 | 19.7
Armour         | 1 2 3 4 5 6 7 |  7.9
Stealth        | 1 2 3 4 |  4.5
Long Blades    | 3 9 12 13 14 16 17 18 | 18.3
Shields        | 5 10 13 15 17 18 19 20 | 20.5
Invocations    | 1 2 |  2.1
Throwing       | |  2.6

Action                   |  1- 3 |  4- 6 |  7- 9 | 10-12 | 13-15 | 16-18 | 19-21 || total
-------------------------+-------+-------+-------+-------+-------+-------+-------++-------
Melee: Trident           |   102 |    28 |       |   222 |   312 |   222 |       ||   886
       Scythe            |       |   157 |   197 |       |       |       |       ||   354
       Katana            |       |       |    29 |   343 |   737 |  1431 |  1170 ||  3710
       Tailslap          |       |       |       |       |     4 |    99 |     1 ||   104
       Headbutt          |       |       |       |       |       |   528 |   457 ||   985
 Fire: Longbow           |       |       |       |       |       |       |     1 ||     1
Throw: Throwing net      |     1 |     3 |     6 |     2 |       |       |       ||    12
       Javelin           |       |       |       |     4 |     3 |     8 |     5 ||    20
Invok: Heroism           |       |       |       |     2 |     4 |     3 |    12 ||    21
       Finesse           |       |       |       |       |       |       |     1 ||     1
Evoke: Wand              |       |       |       |       |    26 |       |       ||    26
  Use: Scroll            |       |       |     3 |    21 |     7 |     8 |     5 ||    44
       Potion            |       |       |       |     3 |     4 |     2 |     9 ||    18
 Stab: Sleeping          |     2 |       |     1 |    11 |    22 |     1 |       ||    37
       Held in net/web   |       |     1 |     1 |     1 |       |       |       ||     3
       Distracted        |       |       |       |     1 |     3 |       |       ||     4
  Eat: Chunk             |       |     7 |    12 |    18 |    21 |    16 |    20 ||    94
       Ration            |       |       |       |     1 |     1 |     6 |     2 ||    10
Armor: Leather armour    |    16 |       |    14 |    84 |       |       |       ||   114
       Scale mail        |    25 |    66 |   111 |       |       |       |       ||   202
       Robe              |       |       |       |    17 |   138 |       |       ||   155
       Chain mail        |       |       |       |       |    57 |   571 |   279 ||   907
Dodge: Dodged            |    63 |   122 |   225 |   333 |   609 |   717 |   399 ||  2468
Block: Kite shield       |       |       |       |    69 |   653 |  1173 |   629 ||  2524
       Rpst.: Katana     |       |       |     7 |    61 |    99 |    94 |    70 ||   331
